 Dungeon Crawl Stone Soup version 0.28.0-47-ge53b351184 (webtiles) character file.

Game seed: 17285093000944765665

280 Kaptain the Digger (level 6, 0/36 HPs)
             Began as a Gargoyle Earth Elementalist on May 6, 2022.
             Slain by a hell rat (13 damage)
             ... in a sewer.
             The game lasted 00:06:28 (3783 turns).

Kaptain the Digger (Gargoyle Earth Elementalist)    Turns: 3783, Time: 00:06:29

Health: 0/36       AC: 10    Str: 12    XL:     6   Next: 27%
Magic:  0/10       EV: 11    Int: 23    God:
Gold:   113        SH:  0    Dex: 10    Spells: 7/11 levels left

rFire   . . .      SeeInvis .   j - +0 hunting sling
rCold   . . .      Faith    .   (no shield)
rNeg    + . .      Spirit   .   h - +0 leather armour
rPois   ∞          Reflect  .   (no helmet)
rElec   +          Harm     .   i - +1 cloak
rCorr   .          Rampage  .   (no gloves)
Will    .....                   a - +0 pair of boots
Stlth   ++........              (no amulet)
HPRegen 0.12/turn               e - +6 ring of intelligence
MPRegen 0.12/turn               (no ring)

@: no status effects
A: sickness immunity, AC +4, negative energy resistance 1, electricity
resistance, torment resistance 1, petrification resistance
a: no special abilities


You were in a sewer.
You visited 1 branch of the dungeon, and saw 4 of its levels.
You also visited: Sewer.

You collected 113 gold pieces.

Inventory:

Hand Weapons
 d - a +0 rapier
 j - a +0 hunting sling (weapon)
 l - a +0 trident
Missiles
 c - 40 stones (quivered ammo)
 f - 12 sling bullets
Armour
 a - a +0 pair of boots (worn)
 h - a +0 leather armour (worn)
 i - a +1 cloak (worn)
Magical Staves
 m - a staff of fire
Jewellery
 e - a +6 ring of intelligence (left hand)
Scrolls
 b - 2 scrolls of identify
 g - 2 scrolls of enchant armour
Potions
 k - a potion of flight {unknown}


   Skills:
 * Level 2.6 Fighting
 + Level 1.7 Armour
 + Level 2.1 Dodging
 - Level 2.1 Stealth
 * Level 3.1 Spellcasting
 * Level 2.7 Conjurations
 - Level 0.7 Transmutations
 * Level 4.8 Earth Magic


You had 7 spell levels left.
You knew the following spells:

 Your Spells              Type           Power      Damage    Failure   Level
a - Sandblast             Erth           52%        2d12      1%          1
b - Stone Arrow           Conj/Erth      42%        3d9       9%          3

Your spell library contained the following spells:

 Spells                   Type           Power      Damage    Failure   Level
 Passwall                 Tmut/Erth      13%        N/A       7%          2
 Petrify                  Tmut/Erth      16%        N/A       41%         4


Dungeon Overview and Level Annotations

Branches:
Dungeon (4/15)              Sewer (1/1)
 Temple: D:4-7

Altars:


Innate Abilities, Weirdness & Mutations

You are immune to sickness and miasma.
Your stone body is resilient. (AC +4)
You are immune to poison.
You resist negative energy. (rN+)
You are resistant to electric shocks. (rElec)
You are resistant to unholy torment.
You are immune to petrification.


Message History

The stone arrow misses the hell rat.
The hell rat bites you but does no damage.
Unknown command.
Casting: Stone Arrow (dangerous; 9% risk of failure)
Confirm with . or Enter, or press ? or * to list all spells.
Aiming: Stone Arrow (dangerous; 9% risk of failure)
Press: ? - help, Shift-Dir - straight line, f/p - hell rat
Aim: a hell rat (moderately wounded, 71% to hit)
The stone arrow misses the hell rat.
The stone arrow hits the rat!
You kill the rat!
The hell rat barely misses you. x2
Unknown command.
Casting: Stone Arrow (dangerous; 9% risk of failure)
Confirm with . or Enter, or press ? or * to list all spells.
Aiming: Sandblast (safe; 1% risk of failure)
Press: ? - help, Shift-Dir - straight line, f/p - hell rat
Aim: a hell rat (moderately wounded, 81% to hit)
The blast of sand hits the hell rat but does no damage.
The hell rat is moderately wounded.
c - 41 stones The hell rat barely misses you.
You enter the shallow water.
Moving in this stuff is going to be slow.
The hell rat bites you! The hell rat bites you!
You enter the shallow water.
Moving in this stuff is going to be slow.
The hell rat barely misses you.
Your magical contamination has completely faded away.
You see here a rat corpse.
Casting: Sandblast (safe; 1% risk of failure)
Confirm with . or Enter, or press ? or * to list all spells.
Aiming: Sandblast (safe; 1% risk of failure)
Press: ? - help, Shift-Dir - straight line, f/p - hell rat
Aim: a hell rat (moderately wounded, 81% to hit)
The blast of sand hits the hell rat but does no damage.
The hell rat is moderately wounded.
c - 40 stones The hell rat bites you!
You die...

#########
###≈..∩..≈###
#.≈≈≈.∩...≈.###
#≈≈≈≈≈#####..≈≈.#
#≈.≈###!∩
###..≈##
#≈≈≈##.??? ##≈≈≈#
#≈≈ ...≈≈ #@†≈#
#. .≈≈r ##r≈≈# #
.. #≈≈ ###..≈##
..≈≈##'##..≈≈≈#
#≈..≈.†(...≈###
###...≈≈..###
#########


You could see a hell rat.

Vanquished Creatures
  Crazy Yiuf (D:2)
  2 hounds
  An orc priest (D:3)
  An orc wizard (D:3)
  4 adders
  3 river rats (Sewer)
  An adder skeleton (D:4)
  A worm (D:2)
  5 orcs (D:3)
  A ball python (D:3)
  3 bats
  7 endoplasms
  6 giant cockroaches
  4 goblins
  3 hobgoblins
  4 jackals (D:2)
  2 kobolds
  4 quokkas
  4 frilled lizards
  8 rats
65 creatures vanquished.

Notes
Turn   | Place    | Note
-------+----------+-------------------------------------------
     0 | D:1      | Kaptain the Gargoyle Earth Elementalist began the quest for
                  | the Orb.
     0 | D:1      | Reached XP level 1. HP: 10/10 MP: 3/3
   427 | D:1      | Reached XP level 2. HP: 16/16 MP: 5/5
   972 | D:2      | Reached skill level 1 in Conjurations
   983 | D:2      | Reached skill level 1 in Fighting
  1005 | D:2      | Reached skill level 4 in Earth Magic
  1005 | D:2      | Reached XP level 3. HP: 10/20 MP: 3/6
  1009 | D:2      | Learned a level 3 spell: Stone Arrow
  1263 | D:2      | Reached XP level 4. HP: 23/25 MP: 3/7
  1353 | D:2      | Found a runed translucent door.
  1354 | D:2      | Noticed Crazy Yiuf
  1359 | D:2      | Killed Crazy Yiuf
  1360 | D:2      | Reached skill level 1 in Armour
  1576 | D:2      | Reached XP level 5. HP: 28/30 MP: 0/9
  3279 | D:4      | Reached XP level 6. HP: 36/36 MP: 7/10
  3513 | D:4      | Found a glowing drain.
  3524 | Sewer    | Entered a sewer
  3783 | Sewer    | Slain by a hell rat

Illustrated notes

Levels and vault maps discovered:
D:1:      minmay_arrival_semitransparent, layout_basic
D:2:      layout_rooms, uniq_crazy_yiuf_cottage
D:3:      layout_rooms, chequers_serial_rivers_large_b
D:4:      layout_loops_corners, overflow_temple_1_default, led_xom_imps,
          portal_sewer_entry_d
Sewer:    sewer_hellmonk_bad_rat

Skill      XL: |  1  2  3  4  5 |
---------------+----------------+-----
Conjurations   | 1 2 |  2.7
Fighting       | 1 2 |  2.6
Earth Magic    | 4 |  4.8
Armour         | 1 |  1.7
Dodging        | 2 |  2.1
Spellcasting   | 3 |  3.1
Stealth        | |  2.1
Transmutations | |  0.7

Action                   |  1- 3 |  4- 6 || total
-------------------------+-------+-------++-------
Melee: Unarmed           |     3 |       ||     3
       Rapier            |    33 |    61 ||    94
       Punch             |     1 |     1 ||     2
 Fire: Hunting sling     |       |     5 ||     5
 Cast: Sandblast         |    15 |    49 ||    64
       Stone Arrow       |       |    13 ||    13
  Use: Scroll            |     2 |     3 ||     5
 Stab: Distracted        |     1 |       ||     1
Armor: Robe              |    15 |       ||    15
       Leather armour    |     2 |    61 ||    63
Dodge: Dodged            |    25 |    54 ||    79
